 Dungeon Crawl Stone Soup version 0.21.1-1-g345015f (webtiles) character file.

270 gyp21 the Magician (level 6, -5/46 HPs)
             Began as a Mummy Fire Elementalist on Feb 7, 2018.
             Was an Initiate of Ashenzari.
             Killed from afar by an orc wizard (7 damage)
             ... with a magic dart
             ... on level 4 of the Dungeon.
             The game lasted 00:10:49 (3790 turns).

gyp21 the Magician (Mummy Fire Elementalist)        Turns: 3790, Time: 00:10:51

Health: -5/46      AC:  5    Str: 11    XL:     6   Next: 1%
Magic:  9/12       EV: 13    Int: 16    God:    Ashenzari [......]
Gold:   104        SH:  0    Dex: 16    Spells: 5/13 levels left

rFire    x . .     SeeInvis .   m - +1 trident (vamp)
rCold    + . .     Gourm    .   (no shield)
rNeg     + + +     Faith    .   a - +0 robe
rPois    ∞         Spirit   .   l - +0 helmet
rElec    .         Reflect  .   k - +0 cloak
rCorr    .         Harm     .   g - +0 pair of gloves
MR       .....                  (no boots)
Stlth    ++........             (no amulet)
HPRegen  0.15/turn              h - +3 ring of dexterity
MPRegen  0.13/turn              (no ring)

@: no status effects
A: no food or potions, fire vulnerability, cold resistance 1, negative energy
resistance 3, torment resistance, unbreathing
a: Curse Item, Renounce Religion


You were on level 4 of the Dungeon.
You worshipped Ashenzari.
Ashenzari was noncommittal.
You were not hungry.

You visited 2 branches of the dungeon, and saw 5 of its levels.

You collected 104 gold pieces.

Inventory:

Hand Weapons
 i - a +2 mace of protection
 m - a +1 vampiric trident (weapon)
Armour
 a - a +0 robe (worn)
 g - a +0 pair of gloves (worn)
 k - a +0 cloak (worn)
 l - a +0 helmet (worn)
Jewellery
 h - a +3 ring of dexterity (left hand)
Scrolls
 c - a scroll of identify {unknown}
 d - 2 scrolls of teleportation {unknown}
 e - 2 scrolls of immolation {unknown}
 f - 2 scrolls of remove curse
 j - a scroll of amnesia {unknown}
Books
 b - a book of Flames

   Spells                             Type                      Level
   a - Flame Tongue                   Conjuration/Fire             1
   b - Throw Flame                    Conjuration/Fire             2
   c - Conjure Flame                  Conjuration/Fire             3
   d - Inner Flame                    Hexes/Fire                   3
   e - Sticky Flame                   Conjuration/Fire             4
   f - Fireball                       Conjuration/Fire             5


   Skills:
 + Level 2.4 Fighting
 + Level 2.6 Dodging
 - Level 1.5 Stealth
 + Level 4.1 Spellcasting
 + Level 2.1 Conjurations
 + Level 3.3 Fire Magic


You had 5 spell levels left.
You knew the following spells:

 Your Spells              Type           Power        Failure   Level  Hunger
a - Flame Tongue          Conj/Fire      ##...        5%          1    N/A
b - Conjure Flame         Conj/Fire      ##......     16%         3    N/A
c - Sticky Flame          Conj/Fire      ##......     47%         4    N/A

Dungeon Overview and Level Annotations

Branches:
Dungeon (4/15)             Temple (1/1) D:4

Altars:
Ashenzari
Cheibriados
Dithmenos
Elyvilon
Fedhas
Gozag
Hepliaklqana
Kikubaaqudgha
Makhleb
Qazlal
Ru
Sif Muna
Trog
Vehumet
Wu Jian
Xom
Yredelemnul
Zin
The Shining One


Innate Abilities, Weirdness & Mutations

You do not eat or drink.
Your flesh is vulnerable to fire.
You are immune to poison.
Your flesh is cold resistant. (rC+)
You are immune to negative energy. (rN+++)
You are immune to unholy pain and torment.
You can survive without breathing.


Message History

A magic dart appears from out of thin air!
The magic dart hits you!
You bump into the rock wall.
Something hits you but does no damage.
You completely miss something. Something hits you but does no damage.
Something hits you but does no damage.
You hear some strange, mumbled words.
A puff of flame appears from out of thin air!
The puff of flame hits you! The fire burns you terribly!
* * * LOW HITPOINT WARNING * * *
You bump into the rock wall.
You feel less confused.
You closely miss something. Something hits you but does no damage.
The orc barely misses you.
You miss something. Something hits you.
* * * LOW HITPOINT WARNING * * *
The orc closely misses you.
You hear some strange, mumbled words.
A magic dart appears from out of thin air!
The magic dart hits you!
You die...

....... .....
.... #o. #)###
#..########
##oo......#
#{o......#
##@##.....#
### #..#
#....# ###.##
##.## ...##
###....###.##
..#
###....>.##..#
.#
#.........#.##
.#
#.....<....##
##.........#
#.........#


You could see 3 orcs.

Vanquished Creatures
  4 orc wizards (D:4)
  2 worker ants
  A hound skeleton (D:4)
  An adder (D:2)
  5 worms
  A dart slug (D:1)
  2 leopard geckos
  11 orcs
  4 giant cockroaches
  A goblin (D:3)
  10 hobgoblins
  4 jackals (D:4)
  2 quokkas (D:4)
  8 bats
  8 frilled lizards
  11 kobolds
  A leopard gecko skeleton (D:4)
  6 rats
82 creatures vanquished.

Notes
Turn   | Place    | Note
-------+----------+-------------------------------------------
     0 | D:1      | gyp21 the Mummy Fire Elementalist began the quest for the Orb.
     0 | D:1      | Reached XP level 1. HP: 13/13 MP: 4/4
   193 | D:1      | Reached skill level 1 in Conjurations
   366 | D:1      | Reached XP level 2. HP: 20/20 MP: 2/5
   585 | D:1      | Reached skill level 3 in Spellcasting
   929 | D:1      | Reached skill level 1 in Fighting
   929 | D:1      | Reached XP level 3. HP: 25/26 MP: 2/7
  2266 | D:3      | Reached XP level 4. HP: 30/32 MP: 9/9
  2280 | D:3      | Learned a level 3 spell: Conjure Flame
  2285 | D:3      | Learned a level 4 spell: Sticky Flame
  2964 | D:3      | Found a blossoming altar of Fedhas.
  2964 | D:3      | Found a shadowy altar of Dithmenos.
  2999 | D:4      | Found a staircase to the Ecumenical Temple.
  3031 | D:4      | Reached XP level 5. HP: 18/38 MP: 0/10
  3227 | Temple   | Entered the Ecumenical Temple
  3240 | Temple   | Became a worshipper of Ashenzari the Shackled
  3447 | D:4      | Found a basalt altar of Yredelemnul.
  3450 | D:4      | Found a hazy altar of Hepliaklqana.
  3726 | D:4      | Reached skill level 4 in Spellcasting
  3771 | D:4      | Reached XP level 6. HP: 17/46 MP: 6/12
  3790 | D:4      | HP: 2/46 [something (4)]
  3790 | D:4      | Killed from afar by an orc wizard

Skill      XL: |  1  2  3  4  5 |
---------------+----------------+-----
Conjurations   | 1 2 |  2.1
Spellcasting   | 3 4 |  4.1
Fighting       | 1 2 |  2.4
Dodging        | 2 |  2.6
Fire Magic     | 3 |  3.3
Stealth        | |  1.5

Action                   |  1- 3 |  4- 6 || total
-------------------------+-------+-------++-------
Melee: Unarmed           |     9 |       ||     9
       Mace              |    24 |    74 ||    98
       Trident           |       |    20 ||    20
 Cast: Flame Tongue      |    59 |    36 ||    95
       Conjure Flame     |       |     1 ||     1
 Stab: Sleeping          |     2 |     4 ||     6
Armor: Robe              |     6 |    49 ||    55
Dodge: Dodged            |    42 |   140 ||   182
